cohdb
Replays
Latest Replays
All Replays
Popular Replays
Top Player Replays
Match Explorer
How It Works
Community
CoH3 Stats
Reddit
Sign in to upload your games and track your stats! →
Sign in with Steam
Match 46106411
Unlisted
Match 46106411
Overview
Messages
Build Orders
End
Construct Infanterie Kompanie
Selects Luftwaffe Battlegroup
Selects Luftwaffe Pioneer Support
Fallschirmpioneer Squad Paradrop
MG 42 Machine Gun Team
Grenadier Squad
Grenadier Squad
Grenadier Squad
Construct Panzergrenadier Kompanie
Selects Reconnaissance Run
Medical Station
Selects Fallschirmjäger Squad Paradrop
MG 42 Bunker
Fallschirmjäger Squad Paradrop
Pak 40 Anti-tank Gun Team
Selects Stuka Loiter
Construct Panzer Kompanie
Reconnaissance Run
Panzer IV Medium Tank
Selects Flak 38 Anti-Air Emplacement
Panzer IV Medium Tank
Selects Infantry Reserves
Panzer IV Medium Tank
Reconnaissance Run
Stuka Loiter
Panzer IV Medium Tank
Panzer IV Medium Tank
sonny
Max1boy
0
0
Comments
sign in to comment!
No comments posted yet!